Map: Cosmic Sapphire

Players

RiSkyZ (RiSky)

  • Race: Zerg Zerg
  • Spawn Location: 11:00

ShoWTimE - Winner!

  • Race: Protoss Protoss
  • Spawn Location: 5:00

Event: HomeStory Cup XXII

VOD

Have the link to the VOD?

Description

Time

  • Played on: Dec. 15, 2022, 8:23 a.m.
  • Length: 12:03

All games in this series

Show
View Real Time Build Order
Export as new Build Order

RiSkyZ Zerg 

Build Orders: Hatch First, Lurkers, Roach Hydra 

Get SALT Encoding   

  12  0:00  Drone  
  13  0:12  Overlord  
  13  0:17  Drone  
  14  0:30  Drone x2  
  16  0:48  Hatchery  
  15  0:50  Drone  
  15  0:54  Drone  
  17  0:57  Drone  
  18  1:08  Extractor  
  17  1:12  Spawning Pool  
  17  1:15  Drone  
  17  1:19  Drone  
  18  1:28  Drone  
  19  1:39  Drone  
  20  1:50  Overlord  
  20  2:01  Zergling x4  
  20  2:02  Queen x2  
  26  2:11  Drone x2  
  28  2:21  Metabolic Boost  
  28  2:22  Drone x2  
  30  2:38  Hatchery  
  30  2:43  Drone  
  30  2:45  Queen  
  32  2:52  Overlord  
  32  2:57  Drone  
  33  3:03  Drone  
  33  3:04  Drone x2  
  35  3:11  Drone  
  35  3:12  Drone  
  37  3:14  Zergling x4  
  37  3:19  Overlord  
  39  3:20  Queen, Drone  
  42  3:32  Drone  
  43  3:37  Spore Crawler, Queen  
  43  3:38  Drone x3  
  47  3:47  Zergling x8  
  50  3:49  Zergling x2  
  50  3:51  Zergling x2  
  50  3:55  Zergling x6  
  55  4:10  Overlord  
  55  4:12  Queen  
  55  4:16  Drone  
  57  4:19  Overlord  
  57  4:22  Drone  
  57  4:23  Overlord  
  57  4:28  Drone x4  
  61  4:32  Spore Crawler  
  60  4:41  Drone x5  
  60  4:42  Queen  
  60  4:43  Spore Crawler  
  60  4:45  Drone  
  65  4:48  Drone  
  65  4:49  Overlord  
  65  4:50  Drone  
  67  4:55  Queen, Drone  
  67  4:59  Drone x7  
  77  5:03  Lair  
  77  5:06  Drone  
  78  5:09  Roach Warren, Extractor  
  78  5:10  Extractor  
  78  5:12  Drone x2  
  77  5:16  Drone  
  77  5:17  Drone  
  77  5:18  Drone, Evolution Chamber  
  77  5:20  Drone  
  82  5:21  Drone x3  
  82  5:27  Drone  
  84  5:30  Drone x2  
  84  5:34  Drone  
  84  5:35  Drone  
  88  5:38  Overlord  
  88  5:41  Drone  
  87  5:43  Drone x2  
  87  5:46  Extractor  
  87  5:47  Drone x2, Extractor  
  83  5:50  Drone x2  
  83  5:52  Extractor  
  83  5:54  Hatchery, Zerg Missile Weapons Level 1  
  83  5:55  Drone x2  
  85  6:00  Drone  
  85  6:02  Glial Reconstitution, Drone  
  87  6:05  Drone x2  
  87  6:06  Infestation Pit  
  87  6:07  Roach  
  92  6:11  Roach  
  96  6:18  Roach x2  
  96  6:19  Overlord  
  96  6:20  Overlord x3  
  96  6:24  Overlord  
  96  6:29  Overlord x2  
  96  6:35  Overlord  
  96  6:36  Overlord  
  96  6:39  Roach x2  
  102  6:40  Roach, Ravager x2  
  102  6:41  Ravager x2  
  102  6:43  Roach x2  
  102  6:44  Zergling x4  
  102  6:45  Zergling x2  
  113  6:52  Roach x2  
  113  6:53  Hydralisk Den  
  116  7:02  Drone x8  
  116  7:03  Extractor  
  116  7:04  Extractor  
  116  7:07  Drone  
  116  7:08  Drone  
  124  7:10  Drone  
  124  7:13  Hive  
  123  7:16  Drone x2  
  123  7:20  Spore Crawler  
  123  7:21  Overlord  
  124  7:26  Roach x3  
  124  7:27  Roach x3  
  124  7:29  Ravager x3  
  139  7:30  Ravager  
  139  7:31  Roach  
  139  7:32  Roach  
  139  7:33  Zergling x2  
  144  7:40  Roach x2  
  144  7:41  Lurker Den  
  147  7:46  Drone  
  148  8:01  Zerg Missile Weapons Level 2  
  148  8:04  Drone, Evolution Chamber  
  148  8:05  Drone x11  
  159  8:12  Hatchery  
  158  8:37  Hydralisk x2, Hatchery  
  158  8:38  Grooved Spines, Hydralisk x7  
  175  8:48  Overlord x3  
  175  8:49  Zerg Ground Armor Level 1, Seismic Spines  
  175  8:52  Overlord  
  175  8:57  Overlord  
  169  9:09  Hydralisk  
  169  9:10  Hydralisk  
  172  9:20  Lurker x9  
  172  9:22  Zergling x34  
  198  9:24  Zergling x2  
  198  9:30  Zergling x10  
  200  9:31  Extractor  
  200  9:35  Zergling x2, Extractor  
  200  9:38  Lurker  
  200  9:48  Spine Crawler  
  200  9:49  Muscular Augments, Spine Crawler  
  187  10:01  Viper x4  
  191  10:11  Spire  
  190  10:24  Drone x9  
  190  10:25  Spine Crawler x2  
  197  10:28  Spine Crawler  
  197  10:29  Spine Crawler  
  194  10:36  Hydralisk x3  
  199  10:52  Hydralisk  
  199  10:53  Hydralisk  
  198  11:05  Spire  
  198  11:09  Hydralisk x2  
Show
View Real Time Build Order
Export as new Build Order

ShoWTimE Protoss - Winner!

Build Orders: 1 Gate Expand, Oracle Opening, Carriers 

Get SALT Encoding   

  12  0:00  Probe  
  13  0:12  Probe  
  14  0:17  Pylon  
  14  0:24  Probe (Chrono Boost)  
  15  0:36  Probe (Chrono Boost)  
  15  0:38  Gateway  
  16  0:44  Probe (Chrono Boost)  
  16  0:46  Assimilator  
  17  0:50  Probe  
  18  1:03  Probe  
  19  1:15  Probe  
  20  1:23  Nexus  
  20  1:33  Cybernetics Core  
  20  1:34  Probe  
  21  1:41  Assimilator  
  21  1:46  Probe  
  22  1:49  Pylon  
  22  1:58  Probe  
  23  2:06  Adept (Chrono Boost)  
  23  2:10  Probe  
  26  2:20  Stargate  
  26  2:22  Probe  
  27  2:26  Adept (Chrono Boost)  
  29  2:35  Warp Gate, Probe (Chrono Boost)  
  31  2:40  Probe (Chrono Boost)  
  32  2:45  Probe (Chrono Boost)  
  32  2:48  Probe (Chrono Boost)  
  32  2:50  Probe (Chrono Boost)  
  33  2:52  Adept  
  36  2:59  Probe  
  36  3:02  Probe  
  38  3:06  Oracle (Chrono Boost)  
  38  3:07  Pylon  
  38  3:11  Probe  
  42  3:14  Probe  
  43  3:22  Adept  
  43  3:23  Probe  
  43  3:26  Probe  
  47  3:35  Oracle (Chrono Boost), Probe  
  47  3:36  Pylon  
  47  3:38  Probe  
  52  3:47  Probe  
  53  3:50  Probe  
  53  3:53  Nexus  
  54  3:59  Probe  
  54  4:02  Probe  
  55  4:04  Pylon  
  55  4:07  Oracle (Chrono Boost)  
  55  4:09  Assimilator  
  58  4:11  Probe  
  58  4:14  Probe  
  60  4:20  Pylon  
  60  4:21  Assimilator  
  60  4:23  Adept, Probe  
  63  4:26  Probe  
  64  4:35  Probe  
  65  4:38  Probe  
  65  4:39  Pylon  
  65  4:45  Forge  
  66  4:46  Gateway  
  66  4:47  Probe  
  66  4:50  Probe  
  68  4:54  Gateway  
  68  4:57  Gateway  
  69  5:01  Probe (Chrono Boost)  
  69  5:03  Probe (Chrono Boost)  
  69  5:04  Pylon  
  70  5:07  Probe (Chrono Boost)  
  70  5:12  Pylon  
  73  5:15  Probe (Chrono Boost)  
  73  5:16  Robotics Facility  
  73  5:17  Probe x2 (Chrono Boost)  
  73  5:20  Probe (Chrono Boost)  
  75  5:22  Probe (Chrono Boost)  
  75  5:23  Sentry  
  75  5:24  Probe  
  75  5:27  Shield Battery  
  76  5:29  Probe  
  76  5:33  Pylon  
  76  5:34  Probe  
  78  5:36  Probe  
  78  5:41  Shield Battery, Probe  
  80  5:42  Sentry  
  80  5:46  Protoss Ground Weapons Level 1 (Chrono Boost), Probe  
  80  5:48  Probe  
  84  5:53  Twilight Council, Probe  
  85  5:58  Probe, Assimilator  
  85  6:00  Probe  
  85  6:02  Assimilator  
  85  6:03  Immortal (Chrono Boost)  
  87  6:05  Probe, Gateway  
  87  6:07  Gateway  
  87  6:09  Robotics Bay  
  87  6:11  Probe  
  93  6:16  Sentry, Stalker x2  
  93  6:17  Stalker  
  101  6:24  Charge (Chrono Boost)  
  101  6:29  Gateway  
  101  6:31  Photon Cannon  
  101  6:33  Observer (Chrono Boost)  
  102  6:43  Nexus  
  102  6:44  Pylon  
  102  6:46  Warp Prism (Chrono Boost), Probe x3  
  105  6:48  Pylon  
  107  7:04  Zealot x6  
  119  7:10  Photon Cannon  
  119  7:11  Shield Battery  
  119  7:14  Disruptor, Templar Archives  
  119  7:15  Probe x3  
  125  7:23  Assimilator  
  125  7:28  Assimilator  
  125  7:33  Zealot x3  
  131  7:37  Pylon  
  131  7:51  Probe  
  132  7:52  Probe  
  132  7:53  Protoss Ground Weapons Level 2 (Chrono Boost)  
  132  7:54  Disruptor  
  132  7:55  Probe  
  132  7:56  Psionic Storm  
  132  7:58  High Templar x4  
  145  8:03  Probe  
  146  8:15  Photon Cannon  
  146  8:16  Photon Cannon  
  146  8:18  Photon Cannon  
  146  8:20  Shield Battery  
  146  8:27  Stargate, Fleet Beacon  
  146  8:29  Disruptor (Chrono Boost)  
  146  8:30  Stargate  
  149  8:34  Photon Cannon  
  149  8:36  Shield Battery, Protoss Air Weapons Level 1 (Chrono Boost)  
  149  8:41  Pylon  
  146  8:43  Pylon  
  146  8:44  Zealot x5  
  156  8:50  Oracle (Chrono Boost)  
  156  8:53  Gateway  
  156  8:55  Pylon  
  156  8:57  Immortal (Chrono Boost), Pylon  
  156  8:58  Pylon  
  154  9:03  Zealot x2  
  158  9:10  Carrier x2 (Chrono Boost)  
  170  9:30  Carrier (Chrono Boost), Zealot x5  
  170  9:34  Shield Battery  
  166  9:42  High Templar x2  
  170  9:53  Zealot x5  
  180  10:10  Pylon  
  182  10:16  Carrier (Chrono Boost), Zealot x4  
  196  10:25  Carrier (Chrono Boost)  
  196  10:30  Photon Cannon  
  196  10:31  Shield Battery  
  194  10:40  Forge  
  194  10:42  Nexus  
  194  10:43  Pylon  
  194  10:52  Pylon  
  194  10:55  Carrier (Chrono Boost)  
  190  11:06  Zealot x5  
  200  11:13  Photon Cannon  
  200  11:15  Photon Cannon  
  200  11:17  Photon Cannon  
  200  11:20  Shield Battery  
  190  11:35  Zealot x6  
  188  11:42  Zealot x2  
  176  11:49  Assimilator  
  176  11:51  Assimilator  
Tags
 
Add a new tag
Caveats
  • Supply blocks, unpowered buildings, or Contaminate may cause inaccurate times.
  • Supply counts are checked every 10 seconds.